AoeStats
← Juanfreelance

Nomad

509507443Analyzed
2v2 RM · 5d ago on Sep 27, 2026· 26m 41s· 4 players
Game mode
Random Map
Map size
176×176
Population
200
Speed
Normal
Resources
Standard
Victory
Conquest
Starting age
Dark Age
Ending age
Imperial Age
RankedLock teamsTeams togetherTeam positionsShared explorationLock speedFull tech treeHidden civsTurbo modeCheats
Victory
Defeat
🇵🇦 Persians · Panama
1329
+14
🇲🇽 Italians · Mexico
1233
+17
🇨🇳 Spanish · China
1290
-16
🇭🇰 Dravidians · Hong Kong SAR China
1257
-15
Soyo不用學英文
13:11 Feudal Age
14:04 Loom
17:07 Castle Age
16:02 Double-Bit Axe
16:26 Fishing Lines
18:59 Horse Collar
19:50 Padded Archer Armor
23:32 Husbandry
25:48 Town Watch
taki英语课睡觉
4:15 Loom
4:33 Loom
13:05 Feudal Age
17:02 Castle Age
15:08 Fishing Lines
16:07 Double-Bit Axe
17:41 Forging
17:55 Medium Warships
17:36 Gillnets
18:00 Bow Saw
19:11 Wheelbarrow
23:23 Iron Casting
24:09 Fletching
24:39 Hand Cart
24:24 Gold Mining
Juanfreelance
5:16 Loom
13:16 Feudal Age
16:53 Castle Age
17:47 Husbandry
17:15 Light Cavalry
23:00 Bloodlines
24:53 Wheelbarrow
23:59 Horse Collar
VX | Ausländer
3:17 Loom
15:02 Feudal Age
18:31 Castle Age
17:38 Double-Bit Axe
18:28 Fletching
18:41 Fishing Lines
19:17 Bodkin Arrow
19:30 Gillnets
22:14 Ballistics
21:54 Town Watch
Connection lost

Rejoining the realm…

Still unreachable

The connection could not be restored.

Session expired

The server has moved on; the page needs a fresh start.